 Dungeon Crawl Stone Soup version 0.26.0-3-g156281e41b (webtiles) character file.

Game seed: 17230775075348572767

3164 jackrogers the Cleaver (level 9, -1/74 HPs)
             Began as a Minotaur Berserker on Jan 9, 2021.
             Was an Elder of Trog.
             Slain by a two-headed ogre
             ... wielding a +0 giant club
              (24 damage)
             ... on level 8 of the Dungeon.
             The game lasted 00:08:49 (8423 turns).

jackrogers the Cleaver (Minotaur Berserker)         Turns: 8423, Time: 00:08:50

Health: -1/74      AC:  2    Str: 24    XL:     9   Next: 63%
Magic:  8/8        EV: 13    Int:  4    God:    Trog [****..]
Gold:   462        SH:  0    Dex: 11    Spells: 8/8 levels left

rFire    . . .     SeeInvis .   r - +0 war axe
rCold    . . .     Faith    .   (no shield)
rNeg     . . .     Spirit   .   b - +0 animal skin
rPois    .         Reflect  .   (helmet restricted)
rElec    .         Harm     .   (no cloak)
rCorr    .         Rampage  .   (no gloves)
Will     .....                  (no boots)
Stlth    ++........             (no amulet)
HPRegen  0.22/turn              (no ring)
MPRegen  0.11/turn              (no ring)

@: berserk cooldown, slowed, very slow
A: retaliatory headbutt, horns 2
a: Renounce Religion, Berserk, Trog's Hand, Brothers in Arms


You were on level 8 of the Dungeon.
You worshipped Trog.
Trog was greatly pleased with you.
You visited 1 branch of the dungeon, and saw 8 of its levels.
You also visited: Ossuary.

You collected 462 gold pieces.

Inventory:

Hand Weapons
 a - a +0 hand axe
 r - a +0 war axe (weapon)
Armour
 b - a +0 animal skin (worn)
Jewellery
 e - an uncursed ring of poison resistance {unknown}
 n - a cursed amulet of inaccuracy {unknown}
Wands
 f - a wand of digging (13)
 l - a wand of polymorph (20)
 v - a wand of flame (7)
 A - a wand of iceblast (7)
 E - a wand of paralysis (8)
Scrolls
 c - a scroll of immolation
 h - 7 scrolls of teleportation
 j - 4 scrolls of identify
 s - 8 scrolls of random uselessness
 y - a scroll of amnesia {unknown}
 z - a scroll of enchant armour {unknown}
 C - a scroll of blinking {unknown}
 F - a scroll of remove curse
 G - a scroll of fog
Potions
 d - a potion of attraction
 g - 2 potions of lignification {unknown}
 i - 10 potions of curing
 k - a potion of heal wounds
 m - 2 potions of brilliance
 o - a potion of cancellation {unknown}
 p - 3 potions of magic
 q - 2 potions of berserk rage {unknown}
 t - 2 potions of resistance
 u - 4 potions of flight {unknown}
 w - 10 potions of degeneration
 x - 2 potions of mutation {unknown}
 B - a potion of ambrosia {unknown}
 D - a potion of haste {unknown}


   Skills:
 - Level 5.5 Fighting
 + Level 14.6 Axes
 - Level 3.0 Armour
 - Level 3.5 Dodging
 - Level 1.2 Stealth


You had 8 spell levels left.
You didn't know any spells.
Your spell library was empty.

Dungeon Overview and Level Annotations

Branches:
Dungeon (8/15)             Temple (0/1) D:4         Ossuary (visited)
   Lair: D:8-11

Altars:
Gozag
Makhleb
Qazlal

Shops:
D:4 }   D:5 :

Annotations:
D:7 2 transporters


Innate Abilities, Weirdness & Mutations

You reflexively headbutt those who attack you in melee.
You have a pair of horns on your head.


Message History

You hit the quokka but do no damage. The quokka misses you.
You furiously retaliate!
You headbutt the quokka. The quokka bites you.
* * * LOW HITPOINT WARNING * * *
You closely miss the quokka. Your headbutt misses the quokka.
The quokka is heavily wounded.
The quokka closely misses you. The orc completely misses you.
You furiously retaliate!
You headbutt the orc!
You kill the orc!
Trog accepts your kill.
You slash the quokka!
You kill the quokka!
Trog accepts your kill.
You start resting.
A two-headed ogre comes into view. It is wielding two +0 giant clubs.
You see here an arrow.
Okay, then.
Okay, then.
You feel better.
The two-headed ogre hits you with a +0 giant club!!
You die...

### ## ... .# #.#
####.##### #.#
#.@.......
###.####O##.#####
#.####......)(##.####
.......).....))(.r..#
....##.#..######..#../Y
#.. #.#..# ..... . . ..
..#..# #......
..#####..# .#.##o
.........# .#.#


You could see a two-headed ogre.

Vanquished Creatures
  A two-headed ogre (D:7)
  Pikel (D:5)
  An orc warrior (D:7)
  A black bear (D:7)
  A sky beast (D:7)
  3 ogres
  3 centaurs
  2 lemures (D:5)
  4 bullfrogs
  4 scorpions
  3 wights (D:6)
  3 hounds
  A bullfrog zombie (D:5)
  A human zombie (Ossuary)
  A jelly (D:6)
  5 orc wizards
  2 orc priests
  An iguana (D:8)
  3 big kobold zombies (Ossuary)
  2 hound zombies
  3 mummies (Ossuary)
  5 adders
  3 gnolls (D:5)
  2 white imps
  An ufetubus (D:8)
  An adder zombie (D:6)
  2 worms
  The ghost of Snicker the Sneak, a weakling DsDe (D:6)
  3 dart slugs (D:1)
  2 leopard geckos
  22 orcs
  3 ball pythons
  6 giant cockroaches
  A gnoll zombie (Ossuary)
  7 goblins
  6 hobgoblins
  11 jackals
  5 quokkas
  7 bats
  A goblin zombie (Ossuary)
  A hobgoblin zombie (Ossuary)
  A jackal zombie (D:5)
  5 kobolds
  2 leopard gecko skeletons
  An orc zombie (Ossuary)
  A quokka skeleton (D:6)
  6 rats
152 creatures vanquished.

Notes
Turn   | Place    | Note
-------+----------+-------------------------------------------
     0 | D:1      | jackrogers the Minotaur Berserker began the quest for the
                  | Orb.
     0 | D:1      | Reached XP level 1. HP: 19/19 MP: 0/0
   191 | D:1      | Reached XP level 2. HP: 24/27 MP: 1/1
   381 | D:1      | Reached skill level 4 in Axes
   801 | D:1      | Reached XP level 3. HP: 31/33 MP: 2/2
  1257 | D:2      | You fall into a shaft and drop 2 floors!
  1257 | D:4      | Found Nounasel's Gadget Shop.
  1257 | D:4      | Noticed an ogre
  1264 | D:4      | Killed an ogre
  1265 | D:4      | Reached skill level 5 in Axes
  1265 | D:4      | Reached XP level 4. HP: 6/41 MP: 3/3
  1265 | D:4      | Reached ** piety under Trog
  1520 | D:3      | Reached skill level 5 in Fighting
  1520 | D:3      | Reached XP level 5. HP: 45/48 MP: 4/4
  2591 | D:4      | Reached skill level 6 in Axes
  2850 | D:3      | Reached skill level 1 in Stealth
  2850 | D:3      | Reached XP level 6. HP: 31/56 MP: 5/5
  3232 | D:4      | Found a staircase to the Ecumenical Temple.
  3643 | D:4      | Found a burning altar of Makhleb.
  3922 | D:5      | Entered Level 5 of the Dungeon
  3928 | D:5      | Found a stormy altar of Qazlal.
  4021 | D:5      | Reached skill level 7 in Axes
  4177 | D:5      | Reached XP level 7. HP: 57/61 MP: 6/6
  4426 | D:5      | Found Wilekkuh's Book Boutique.
  4434 | D:5      | Reached *** piety under Trog
  4509 | D:5      | Noticed Pikel
  4525 | D:5      | Killed Pikel
  4526 | D:5      | Reached skill level 10 in Axes
  4526 | D:5      | Reached XP level 8. HP: 22/69 MP: 7/7
  5311 | D:6      | Found a burning altar of Makhleb.
  5408 | D:6      | Found a sand-covered staircase.
  5417 | Ossuary  | Entered an ossuary
  5769 | D:6      | Reached skill level 11 in Axes
  5923 | D:6      | Found a runed translucent gate.
  5924 | D:6      | Found a runed translucent gate.
  5962 | D:6      | Found a runed translucent gate.
  5964 | D:6      | Found an opulent altar of Gozag.
  5965 | D:6      | Noticed Snicker's ghost (weakling DsDe)
  6428 | D:6      | Reached skill level 12 in Axes
  7146 | D:7      | Reached XP level 9. HP: 46/74 MP: 8/8
  7336 | D:6      | Killed Snicker's ghost
  7409 | D:7      | Reached skill level 13 in Axes
  7787 | D:7      | Found a transporter.
  7818 | D:7      | Found a transporter.
  8136 | D:7      | Noticed a two-headed ogre
  8141 | D:7      | Killed a two-headed ogre
  8141 | D:7      | Reached **** piety under Trog
  8142 | D:7      | Reached skill level 14 in Axes
  8421 | D:8      | Noticed a two-headed ogre
  8423 | D:8      | Slain by a two-headed ogre

Illustrated notes

Levels and vault maps discovered:
D:1:      roderic_octagonal_star, layout_basic
D:2:      minmay_general_purpose_star, layout_loops_cross, dk_vineyard_3,
          minmay_cupped
D:3:      layout_loops_cross, amcnicky_mini_rare_corridor_liquid
D:4:      layout_rooms, makhleb_heckhound_becter,
          minmay_temple_entry_large_hall, serial_shops,
          nicolae_shop_temple_entry_statues_fountains
D:5:      layout_basic, serial_shops, shop_fountains, grunt_qazlal_sundering,
          uniq_pikel, uniq_edmund
D:6:      layout_loops_corners, ebering_ghost_gozag,
          nicolae_ossuary_entry_ruins, lemuel_tele_altar
D:7:      gammafunk_steamed_eel, layout_basic
D:8:      layout_loops_ring, minmay_fractal_squares_5

Skill      XL: |  1  2  3  4  5  6  7  8  9 |
---------------+----------------------------+-----
Fighting       | 4 5 |  5.5
Axes           | 4 5 6 7 10 12 14 | 14.6
Armour         | 3 |  3.0
Dodging        | 3 |  3.5
Stealth        | 1 |  1.2

Action                   |  1- 3 |  4- 6 |  7- 9 || total
-------------------------+-------+-------+-------++-------
Melee: Hand axe          |    48 |    85 |       ||   133
       Headbutt          |     9 |    22 |    40 ||    71
       War axe           |       |    18 |   196 ||   214
Invok: Berserk           |     1 |     1 |     5 ||     7
       Trog's Hand       |       |       |     1 ||     1
  Use: Scroll            |       |       |    15 ||    15
       Potion            |       |       |     1 ||     1
 Stab: Sleeping          |       |     1 |     1 ||     2
       Distracted        |       |       |     1 ||     1
Armor: Animal skin       |    11 |     5 |    14 ||    30
Dodge: Dodged            |    41 |    64 |   105 ||   210
